 Dungeon Crawl Stone Soup version 0.31-a0-431-g88bdf31460 (webtiles) character file.

Game seed: 338947307251017780

30 Dirtsage the Ruffian (level 3, 0/23 HPs)
             Began as an Octopode Shapeshifter on July 31, 2023.
             Slain by Terence
             ... wielding a +0 mace
              (5 damage)
             ... on level 2 of the Dungeon.
             The game lasted 00:01:28 (940 turns).

Dirtsage the Ruffian (Octopode Shapeshifter)         Turns: 940, Time: 00:01:29

Health: 0/23       AC:  1    Str: 14    XL:     3   Next: 20%
Magic:  3/3        EV: 13    Int: 12    God:
Gold:   40         SH:  0    Dex: 12    Spells: 2/2 levels left

rFire   . .          .
                       - Unarmed
rCold   . . .        (no shield)
rNeg    . . .        (helmet currently unavailable)
rPois   .            (no amulet)
rElec   .            (no ring)
rCorr   .            (no ring)
SInv    .            (no ring)
Will    .....        (no ring)
Stlth   ++           (no ring)
HPRegen 0.23/turn    (no ring)
MPRegen 0.08/turn    (no ring)
                     (no ring)

%: no passive effects
@: beast-form
A: beast (slay +2), almost no armour, amphibious, 8 rings, camouflage 1,
gelatinous body 1, (nimble swimmer 1), tentacles
a: Begin Untransformation


You were on level 2 of the Dungeon.
You were a hulking beast.
You visited 1 branch of the dungeon, and saw 2 of its levels.

You collected 40 gold pieces.

Inventory:

Magical Staves
 e - a staff of conjuration
Talismans
 b - a beast talisman (active)
Scrolls
 c - a scroll of revelation {unknown}
 f - a scroll of identify {unknown}
 g - a scroll of teleportation {unknown}
Potions
 a - a potion of lignification
 d - a potion of ambrosia {unknown}


   Skills:
 - Level 1.0 Fighting
 - Level 2.0 Dodging
 + Level 3.6 Unarmed Combat
 + Level 3.4 Shapeshifting


You had 2 spell levels left.
You didn't know any spells.
Your spell library contained the following spells:

 Spells                   Type           Power      Damage    Failure   Level
 Conjure Ball Lightning   Conj/Air       0%         3x3d6     100%        6
 Discord                  Hex            0%         N/A       100%        8
 Disjunction              Tloc           0%         N/A       100%        8


Dungeon Overview and Level Annotations

Branches:
Dungeon (2/15)

Altars:

Annotations:
D:2 Terence


Innate Abilities, Weirdness & Mutations

You are a hulking beast.
Your limbs bulge with bestial killing power. (Slay +2)
You cannot wear most types of armour.
You are amphibious.
You can wear up to eight rings at the same time.
Your skin changes colour to match your surroundings (Stealth+).
Your rubbery body absorbs attacks. (AC +1, EV +1)
((You are camouflaged when in or above water. (Stealth+)))
You have tentacles for arms and can constrict up to eight enemies at once.


Message History

No target in view!
No target in view!
No target in view!
No target in view!
No target in view!
No target in view!
Terence the Incautious comes into view.
He is wielding a +0 mace.
There is a stone staircase leading down here.
The helpless Terence fails to defend himself.
You tentacle-slap Terence but do no damage.
You grab Terence. You squeeze Terence.
Terence is lightly wounded.
You constrict Terence, but do no damage.
Terence closely misses you.
You tentacle-slap Terence.
Terence is moderately wounded.
You constrict Terence, but do no damage.
Terence hits you with a +0 mace!
A rat comes into view.
You take 9 damage, and have 14/23 hp.
MASSIVE DAMAGE!!
You tentacle-slap Terence but do no damage.
You squeeze Terence.
Terence is heavily wounded.
You constrict Terence. Terence barely misses you.
You tentacle-slap Terence but do no damage.
Terence is heavily wounded.
You constrict Terence.
The rat bites the plant.
The plant begins to die.
Terence hits you with a +0 mace.
You take 1 damage, and have 13/23 hp.
You completely miss Terence.
Terence is severely wounded.
You constrict Terence, but do no damage.
The rat bites the plant.
Terence hits you with a +0 mace!
* * * LOW HITPOINT WARNING * * *
You take 8 damage, and have 5/23 hp.
MASSIVE DAMAGE!!
You tentacle-slap Terence but do no damage.
Terence is severely wounded.
You constrict Terence.
The rat bites the plant.
Terence hits you with a +0 mace.
You die...

######.......#
###....##
#########.##..#
......†...###.#
.#######...##.###
##..>....###.
#..##.....[..
....###........
#..### #h....P..
#. #@P..♣... #
#r..P♣ .. ..P.P♣
. ..♣.♣♣ ...P♣P
...P .P ##... P♣.


You could see Terence and a rat.

Vanquished Creatures
  A dart slug (D:1)
  2 ball pythons (D:1)
  2 endoplasms (D:1)
  A giant cockroach (D:1)
  A goblin (D:1)
  2 hobgoblins (D:1)
  2 jackals (D:1)
  A quokka (D:1)
  3 bats
  2 frilled lizards
  5 kobolds (D:1)
  4 rats (D:1)
26 creatures vanquished.

Notes
Turn   | Place    | Note
-------+----------+-------------------------------------------
     0 | D:1      | Dirtsage the Octopode Shapeshifter began the quest for the
                  | Orb.
     0 | D:1      | Reached XP level 1. HP: 13/13 MP: 1/1
    54 | D:1      | Reached XP level 2. HP: 18/18 MP: 2/2
   428 | D:1      | Found a faded altar of an unknown god.
   512 | D:1      | Reached XP level 3. HP: 23/23 MP: 3/3
   931 | D:2      | Noticed Terence
   940 | D:2      | Slain by Terence

Illustrated notes

Levels and vault maps discovered:
D:1:      evilmike_arrival_plus, layout_loops_corners,
          shapermc_ecumenical_altar_mp_vishouse, minmay_indecisive_spiral
D:2:      layout_rooms, serial_forest, infiniplex_forest_clump_curved,
          infiniplex_forest_lined_2, infiniplex_forest_3_way,
          infiniplex_forest_clump_cross, infiniplex_forest_clump_C,
          infiniplex_forest_lined_2, infiniplex_forest_lined_2,
          infiniplex_forest_zigzag_2, chequers_serial_rivers_micro_b,
          uniq_natasha, uniq_robin, uniq_terence

Action                     || total
---------------------------++-------
  Melee: Unarmed           ||    50
         Constrict         ||    13
         Tentacles         ||     9
         Punch             ||     2
   Stab: Sleeping          ||    10
 Armour: Skin              ||     2
  Dodge: Dodged            ||    21

Table legend: (Time is in decaauts)
 A = Elapsed time spent in this place.
 B = Non-inter-level travel time spent in this place.
 C = Inter-level travel time spent in this place.
 D = Time resting spent in this place.
 E = Time spent auto-exploring this place.
 F = Levels seen in this place.
 G = Mean time per level.
                   A        B        C        D        E       F      G
               +--------+--------+--------+--------+--------+-----+--------+
         Total |    936 |    928 |      8 |      0 |    803 |   2 |  468.0 |
       Dungeon |    936 |    928 |      8 |      0 |    803 |   2 |  468.0 |
               +--------+--------+--------+--------+--------+-----+--------+

Top non-repeatable levels by time:
     D:1: 905 daAuts
     D:2: 31 daAuts
